 Dungeon Crawl Stone Soup version 0.31-a0-152-g6aa68a64a1 (webtiles) character file.

Game seed: 15061852433259064380

32 qw the Shooter (level 3, -3/32 HPs)
             Began as a Naga Hunter on June 10, 2023.
             Slain by a phantom (6 damage)
             ... on level 4 of the Dungeon.
             The game lasted 00:00:18 (764 turns).

qw the Shooter (Naga Hunter)                         Turns: 764, Time: 00:00:18

Health: -3/32      AC:  2    Str: 13    XL:     3   Next: 27%
Magic:  3/3        EV:  9    Int:  9    God:
Gold:   92         SH:  0    Dex: 16    Spells: 2/2 levels left

rFire   . . .        Y - +0 shortbow
rCold   . . .        (shield currently unavailable)
rNeg    . . .        c - +0 leather armour
rPois   +            (no helmet)
rElec   .            (no cloak)
rCorr   .            (no gloves)
SInv    +            (no barding)
Will    .....        f - amulet of faith
Stlth   ++           (no ring)
HPRegen 0.25/turn    (no ring)
MPRegen 0.08/turn

%: faith
@: very slow
A: AC +1, large, see invisible, deformed body, poison resistance, slowness 2,
spit poison 1, naga tail 1
a: Spit Poison


You were on level 4 of the Dungeon.
You visited 1 branch of the dungeon, and saw 3 of its levels.

You collected 92 gold pieces.


Innate Abilities, Weirdness & Mutations

Your serpentine skin is tough. (AC +1)
You have supernaturally acute eyesight. (SInv)
Armour fits poorly on your strangely shaped body.
Your system is resistant to poisons. (rPois)
You cover ground very slowly.
You can spit poison.
You have a snake-like lower body.


   Skills:
 - Level 2.0 Fighting
 + Level 4.6 Ranged Weapons
 - Level 1.5 Dodging
 - Level 1.5 Stealth


You had 2 spell levels left.
You didn't know any spells.
Your spell library was empty.

Inventory:

Hand Weapons
 Y - a +0 shortbow (weapon)
Armour
 c - a +0 leather armour (worn)
Jewellery
 f - an amulet of faith (around neck)
Scrolls
 a - a scroll of identify
 b - 3 scrolls of teleportation {unknown}
Potions
 d - 2 potions of cancellation {unknown}

Dungeon Overview and Level Annotations

Branches:
Dungeon (2/15)

Altars:
Trog


Message History

Found a stone staircase leading down.
You now have 85 gold pieces (gained 8).
d - 2 amethyst potions
Found a bloodstained altar of Trog.
You now have 92 gold pieces (gained 7).
A phantom comes into view.
You shoot an arrow. The arrow hits the phantom!
The phantom is moderately damaged.
A phantom is nearby!
You shoot an arrow. The arrow hits the phantom.
The phantom is heavily damaged.
You shoot an arrow. The arrow barely misses the phantom.
You shoot an arrow. The arrow closely misses the phantom.
The phantom hits you.
You shoot an arrow. The arrow barely misses the phantom.
The phantom hits you but does no damage.
You shoot an arrow.
The arrow completely misses the phantom.
The phantom hits you but does no damage.
You shoot an arrow. The arrow hits the phantom.
The phantom is moderately damaged.
The phantom hits you.
The phantom blinks!
You blink.
You shoot an arrow.
The arrow hits the phantom but does no damage.
The phantom is moderately damaged.
The phantom hits you. x2
You shoot an arrow. The arrow barely misses the phantom.
The phantom closely misses you.
You shoot an arrow.
The arrow hits the phantom but does no damage.
The phantom is moderately damaged.
The phantom hits you.
You shoot an arrow. The arrow hits the phantom.
The phantom is heavily damaged.
The phantom closely misses you.
You shoot an arrow. The arrow misses the phantom.
The phantom hits you.
You shoot an arrow. The arrow barely misses the phantom.
The phantom hits you.
The phantom blinks!
You blink.
The phantom hits you.
You die...

..# .####..#.#
.......#.#
#.....#.#
#######
#.....#.#
#......
#.....#.#
#+#####
#W....#.####
#.@........#...
#..##.¤........
#..###¤......+#
..####.####.#.#
#....#...##..#.#
#
##....._.#.....#
# #.
#.......#.## #
.. ###........#
# #...###..# #


You could see a phantom.

Vanquished Creatures
  A dart slug (D:1)
  5 ball pythons
  3 endoplasms
  4 giant cockroaches
  2 hobgoblins (D:1)
  2 jackals (D:2)
  2 bats
  A frilled lizard (D:1)
  4 goblins
  2 rats (D:1)
26 creatures vanquished.

Notes
Turn   | Place    | Note
-------+----------+-------------------------------------------
     0 | D:1      | qw the Naga Hunter began the quest for the Orb.
     0 | D:1      | Reached XP level 1. HP: 19/19 MP: 1/1
     0 | D:1      | 0 ||| qw: Version: 0.2-a-123-gb51047a
     0 | D:1      | 0 ||| qw: Game counter: 3737
     0 | D:1      | 0 ||| qw: Always use a shield: true
     0 | D:1      | 0 ||| qw: God list: Okawaru
     0 | D:1      | 0 ||| qw: Allow faded altars: false
     0 | D:1      | 0 ||| qw: Do Orc after D:15 true
     0 | D:1      | 0 ||| qw: Do second Lair branch before Depths: true
     0 | D:1      | 0 ||| qw: Lair rune preference: random
     0 | D:1      | 0 ||| qw: Plans: Normal
     0 | D:1      | 0 ||| PLANNING D:1-11
    15 | D:1      | 15 ||| INVOKING Spit Poison.
    38 | D:1      | 38 ||| INVOKING Spit Poison.
    52 | D:1      | 52 ||| INVOKING Spit Poison.
    63 | D:1      | 63 ||| INVOKING Spit Poison.
    64 | D:1      | Reached skill level 4 in Ranged Weapons
    64 | D:1      | Reached XP level 2. HP: 26/26 MP: 2/2
   162 | D:1      | 162 ||| INVOKING Spit Poison.
   179 | D:1      | 179 ||| INVOKING Spit Poison.
   224 | D:1      | 224 ||| INVOKING Spit Poison.
   227 | D:1      | 227 ||| INVOKING Spit Poison.
   270 | D:1      | 270 ||| INVOKING Spit Poison.
   359 | D:1      | Noticed a golden eye
   364 | D:1      | 364 ||| INVOKING Spit Poison.
   367 | D:1      | Noticed an eye of devastation
   370 | D:1      | Found a faded altar of an unknown god.
   373 | D:1      | 373 ||| INVOKING Spit Poison.
   410 | D:1      | Noticed a floating eye
   410 | D:1      | Noticed a shining eye
   482 | D:1      | 482 ||| UPGRADING to amulet of faith.
   487 | D:1      | 487 ||| DROPPING amulet of magic regeneration.
   488 | D:1      | 488 ||| READING 3 scrolls labelled BAGYICA DANOK.
   489 | D:1      | 489 ||| READING scroll labelled JIWAJO RUIXEE.
   490 | D:1      | 490 ||| READING 2 scrolls of identify.
   490 | D:1      | 490 ||| IDENTIFYING dark potion
   491 | D:1      | 491 ||| DROPPING scroll of butterflies.
   492 | D:1      | 492 ||| DROPPING potion of degeneration.
   550 | D:2      | Reached XP level 3. HP: 32/32 MP: 3/3
   642 | D:2      | 642 ||| INVOKING Spit Poison.
   649 | D:2      | 649 ||| INVOKING Spit Poison.
   690 | D:2      | You fall into a shaft and drop 2 floors!
   699 | D:4      | 699 ||| INVOKING Spit Poison.
   742 | D:4      | Found a bloodstained altar of Trog.
   750 | D:4      | Noticed a phantom
   763 | D:4      | HP: 7/32 [phantom (6)]
   764 | D:4      | HP: 3/32 [phantom (4)]
   764 | D:4      | Slain by a phantom

Levels and vault maps discovered:
D:1:      dpeg_arrival_long_road, layout_rooms,
          hellmonk_ecumenical_altar_watching_god
D:2:      cheibrodos_fertilizer, layout_basic, minmay_unequal
D:4:      layout_basic, trog_three_pillars_becter, serial_shops, shop, shop

Skill      XL: |  1 |
---------------+----+-----
Ranged Weapons | 4 |  4.6
Fighting       | |  2.0
Dodging        | |  1.5
Stealth        | |  1.5

Action                     || total
---------------------------++-------
   Fire: Shortbow          ||    49
Ability: Spit Poison       ||    14
    Use: Scroll            ||     3
 Armour: Leather armour    ||     5
  Dodge: Dodged            ||     5

Table legend:
 A = Non-vault XP
 B = Vault XP
 C = Vault XP percentage of total XP
 D = Non-vault monster count
 E = Vault monster count
 F = Vault count percentage of total count
                 A         B        C        D         E       F
            +---------+---------+-------+---------+---------+-------
      Total |      47 |       0 |   0.0 |      26 |       0 |   0.0
            +---------+---------+-------+---------+---------+-------
        D:1 |      28 |       0 |   0.0 |      16 |       0 |   0.0
        D:2 |      17 |       0 |   0.0 |       9 |       0 |   0.0
        D:4 |       2 |       0 |   0.0 |       1 |       0 |   0.0
            +---------+---------+-------+---------+---------+-------
